 Dungeon Crawl Stone Soup version 0.16.2-12-gd0ad4c3 (webtiles) character file.

65433 Kloppie the Warrior (level 15, -17/104 HPs)
             Began as a Gargoyle Berserker on Nov 2, 2015.
             Was the Champion of Trog.
             Demolished by a sun demon (19 damage)
             ... summoned by an orc high priest
             ... on level 4 of the Orcish Mines.
             The game lasted 01:21:57 (23115 turns).

Kloppie the Warrior (Gargoyle Berserker)           Turns: 23115, Time: 01:21:57

Health: -17/104    AC: 40    Str: 30    XL:     15   Next: 16%
Magic:  28/28      EV: 13    Int:  5    God:    Trog [******]
Gold:   1117       SH:  0    Dex: 11    Spells: 0 memorised, 14 levels left

rFire  . . .     SeeInvis +     l - +6 great mace (crush)
rCold  + . .     Clarity  .     y - +0 plate armour {rC+}
rNeg   + . .     SustAb   .     (no shield)
rPois  ∞         Gourm    .     k - +2 helmet {SInv}
rElec  +         Spirit   .     t - +0 cloak
rCorr  +         Warding  .     E - +2 pair of gloves
rMut   .         Stasis   .     w - +2 pair of boots
MR     +++..                    F - amulet "Beohe" {rCorr Str+6 Int-4 Stlth+}
Stlth  ..........               r - +4 ring of slaying
                                H - +4 ring of evasion (curse)

@: regenerating, studying Maces & Flails, extremely resistant to hostile
enchantments, extremely unstealthy
A: able to fly continuously, big wings, negative energy resistance 1,
electricity resistance, unbreathing, petrification resistance, rot immunity, AC
+11
a: Fly, Burn Spellbooks, Berserk, Trog's Hand, Brothers in Arms, Renounce
Religion


You were on level 4 of the Orcish Mines.
You worshipped Trog.
Trog was exalted by your worship.
You were not hungry.

You visited 3 branches of the dungeon, and saw 23 of its levels.
You visited the Abyss 1 time.
You also visited: Labyrinth.

You collected 2386 gold pieces.
You spent 1269 gold pieces at shops.

Inventory:

Hand weapons
 a - a +1 antimagic demon whip
 l - a +6 great mace of crushing (weapon)
 s - a +1 antimagic demon trident
 M - a +3 great mace of holy wrath
 U - a +0 blowgun
Missiles
 T - 8 curare-tipped needles
Armour
 k - a +2 helmet of see invisible (worn)
 t - a +0 cloak (worn)
 w - a +2 pair of boots (worn)
 y - a +0 plate armour of cold resistance (worn)
 E - a +2 pair of gloves (worn)
Jewellery
 m - an uncursed ring of invisibility
 r - a +4 ring of slaying (right hand)
 F - the amulet "Beohe" (around neck) {rCorr Str+6 Int-4 Stlth+}
   (You acquired it on level 7 of the Dungeon)

   [amulet of resist corrosion]

   It protects you from acid and corrosion.
   It affects your strength (+6).
   It affects your intelligence (-4).
   It makes you more stealthy.
 H - a cursed +4 ring of evasion (left hand)
Magical devices
 b - a wand of confusion (24)
 h - a wand of slowing (21)
 p - a wand of digging (20)
 x - a wand of teleportation (3)
 D - a wand of digging (13)
 Y - a wand of disintegration (6)
Scrolls
 d - a scroll of enchant armour
 f - a scroll of identify
 j - 10 scrolls of remove curse
 o - 3 scrolls of recharging
 u - 2 scrolls of fog
 A - 6 scrolls of blinking
 L - a scroll of fear
 P - 3 scrolls of teleportation
Potions
 e - 5 potions of restore abilities
 g - a potion of ambrosia {unknown}
 i - 2 potions of heal wounds
 n - 5 potions of haste
 v - 12 potions of curing
 B - 3 potions of might
 O - a potion of cure mutation {unknown}
 Q - a potion of brilliance {unknown}
 S - 3 potions of poison {unknown}
Books
 z - a manual of Maces & Flails
Miscellaneous
 q - a disc of storms
Comestibles
 c - 8 bread rations


   Skills:
 + Level 16.0 Fighting
 - Level 12.8 Maces & Flails
 - Level 15.6 Armour
 - Level 1.5 Dodging
 - Level 10.0 Evocations


You had 14 spell levels left.
You didn't know any spells.

Dungeon Overview and Level Annotations

Branches:
Dungeon (12/15)            Temple (0/1) D:5            Lair (7/8) D:11
 Shoals (0/5) Lair:6       Spider (0/5) Lair:3          Orc (4/4) D:12
  Slime: Lair:6-8       Elf: Orc:3-4

Altars:
Cheibriados
Dithmenos
Fedhas
Gozag
Kikubaaqudgha
Okawaru
Ru
Trog
Xom
Yredelemnul
Zin
Beogh

Shops:
Orc:1 =   Orc:3 ::((}   Orc:4 *%:


Innate Abilities, Weirdness & Mutations

You are resistant to torment.
You are immune to poison.
You can fly continuously.
Your stone body is very resilient (AC +11).
Your wings are large and strong.
You resist negative energy.
You are resistant to electric shocks.
You can survive without breathing.
You are immune to petrification.
You are immune to rotting.


Message History

The sun demon is lightly wounded.
The orange demon stings you but does no damage.
The orange demon hits you but does no damage.
The sun demon hits you but does no damage.
You bludgeon the sun demon!!
The sun demon is heavily wounded.
The sun demon barely misses you. The orange demon barely misses you.
The orange demon hits you but does no damage.
You hit the sun demon.
The sun demon is heavily wounded.
The sun demon hits you!
* * * LOW HITPOINT WARNING * * *
You are engulfed in flames!
* * * LOW HITPOINT WARNING * * *
The orange demon closely misses you.
The orange demon hits you but does no damage.
The sun demon hits you!
* * * LOW HITPOINT WARNING * * *
You are engulfed in flames!!
You die...

#..).)..#.(.#..)...+ #...#......
#..####.#####.####.# #.........#
####...)......#).#.# #........##
.8##.####.....#..).####.8.))8...8
..+(.#./#..⌠..#..#..o)oo).....)..
.8##(').#.....####.####48...8...8
####.#).#.....[o4o.# ##........##
#..#.####.#####4####..#.........#
#.)(......#.).#3@..'..#oo.#......
#./######.#.).#)...#.[##..##.....
####### #.##)##.)..#####4o.#.....
.# #.###....)).......##3.C##....
.# ###..###.###'#####.##....#....
## #.....##.# ...# ###.).##..[ #
##....###.##...# #.)..##.)
###.##....#'###### ##.[3###.
#.######.....#### ##...###


You could see an orc high priest, a sun demon and an orange demon.

Vanquished Creatures
  An orc warlord (Orc:4)
  A stone giant (Orc:3)
  Snorg (Orc:2)
  A minotaur (Lab)
  4 hydras
  Harold (Lair:1)
  Nessos (Orc:4)
  Erica (Lair:1)
  The ghost of Zeloya the Cardsharp, a powerful KoAs of Nemelex Xobeh (D:10)
  2 orc high priests (Orc:4)
  Urug (Orc:2)
  Nergalle (Lair:1)
  3 unseen horrors
  3 hill giants
  3 orc knights (Orc:4)
  4 orc sorcerers
  An ugly thing (D:11)
  2 sixfirhies (Orc:4)
  A black mamba (Lair:6)
  5 spiny frogs
  Maurice (Orc:2)
  3 sirens (Lair:6)
  A gargoyle (D:10)
  10 elephants (Lair:6)
  A hellwing (Orc:4)
  The ghost of Edwards80 the Shield-Bearer, an experienced GrFi of Ru (D:5)
  6 komodo dragons
  2 fire drakes (Lair:7)
  An ancient zyme (Abyss:1)
  5 slime creatures (D:12)
  Sonja (D:10)
  A merfolk (Lair:6)
  A blue devil (Orc:4)
  7 trolls
  A minotaur skeleton (Lab)
  A polar bear (Lair:4)
  26 blink frogs
  A trapdoor spider zombie (D:10)
  2 raiju (Abyss:1)
  4 two-headed ogres (Orc:4)
  5 basilisks
  A trapdoor spider (D:10)
  42 yaks
  2 wraiths
  3 deep elf magi
  A wyvern (Lair:6)
  3 vampire mosquitoes (Lair:5)
  6 wolves (Lair:1)
  4 hippogriffs
  Edmund (D:7)
  3 hungry ghosts
  Menkaure (D:7)
  6 wargs
  44 orc warriors
  A swamp drake (Lair:5)
  20 ogres
  12 porcupines
  2 necrophages (D:8)
  8 water moccasins
  7 spiders (Lair:3)
  2 sky beasts
  A phantom (D:11)
  A black bear (D:9)
  The ghost of Klogten the Charmwright, an average MfSk (D:3)
  5 centaurs
  Sigmund (D:2)
  15 crocodiles
  18 giant frogs
  Blork the orc (D:7)
  A wyvern zombie (D:6)
  2 scorpions
  5 wights (D:9)
  9 killer bees
  3 electric eels (Lair:7)
  2 spriggan skeletons (D:10)
  4 crimson imps
  A lava snake (Lair:2)
  A centaur zombie (D:7)
  4 jellies
  3 centaur skeletons
  28 orc priests
  2 giant frog zombies
  8 hounds
  29 orc wizards
  6 worker ants
  Natasha (D:3)
  14 iguanas
  9 spectral orcs (Lair:1)
  23 sheep
  2 hound skeletons
  2 mummies
  Robin (D:2)
  71 river rats
  15 adders
  2 giant mites
  2 shadow imps
  4 worms
  An adder skeleton (D:9)
  4 oozes
  237 orcs
  A bat skeleton (D:4)
  A bat zombie (D:6)
  3 giant cockroaches
  18 hobgoblins
  9 jackals
  10 kobolds
  14 quokkas
  14 bats
  9 giant geckos
  A giant gecko skeleton (D:4)
  5 giant newts
  34 goblins
  An orc skeleton (Orc:2)
  22 rats
  2 ballistomycetes (D:12)
  A plant (Lair:5)
972 creatures vanquished.

Vanquished Creatures (collateral kills)
  Maud (Lair:7)
  Gastronok (D:10)
  A soul eater (Orc:4)
  A komodo dragon (Lair:7)
  A hellwing (Orc:4)
  A red devil (Orc:4)
  A porcupine (Lair:7)
  An orc warrior (Orc:4)
  A giant frog (Lair:7)
  An adder (Lair:7)
  An orc (Orc:4)
  A fungus (Lair:7)
12 creatures vanquished.

Vanquished Creatures (others)
  A hill giant (Orc:4)
  A warg (D:12)
  A small abomination (Abyss:1)
  An orc wizard (Orc:3)
  An orc (Orc:4)
  A bat (D:10)
  2 giant spores
  A ballistomycete (Abyss:1)
  9 fungi
  6 plants
  6 starspawn tentacles (Abyss:1)
30 creatures vanquished.

Grand Total: 1014 creatures vanquished

Notes
Turn   | Place    | Note
--------------------------------------------------------------
     0 | D:1      | Kloppie, the Gargoyle Berserker, began the quest for the Orb.
     0 | D:1      | Reached XP level 1. HP: 14/14 MP: 1/1
     1 | D:1      | Noticed an electric eel
   240 | D:1      | Reached XP level 2. HP: 12/19 MP: 2/2
   454 | D:1      | Acquired Trog's second power
   690 | D:1      | Reached XP level 3. HP: 20/24 MP: 3/3
   848 | D:2      | Noticed Robin
   971 | D:2      | Killed Robin
   971 | D:2      | Reached skill level 4 in Maces & Flails
   971 | D:2      | Reached XP level 4. HP: 24/29 MP: 4/4
  1069 | D:2      | Noticed Sigmund
  1078 | D:2      | Killed Sigmund
  1078 | D:2      | Reached XP level 5. HP: 33/33 MP: 5/5
  1595 | D:3      | Noticed Klogten's ghost (average MfSk)
  1768 | D:3      | Noticed Natasha
  1784 | D:3      | Killed Natasha
  1819 | D:3      | Reached skill level 5 in Maces & Flails
  1979 | D:3      | Acquired Trog's third power
  2098 | D:3      | Killed Klogten's ghost
  2098 | D:3      | Reached XP level 6. HP: 38/38 MP: 6/6
  2274 | D:4      | Reached skill level 5 in Armour
  2279 | D:4      | Reached XP level 7. HP: 34/42 MP: 7/7
  2387 | D:4      | Reached skill level 6 in Maces & Flails
  3105 | D:5      | Entered Level 5 of the Dungeon
  3197 | D:5      | Found a staircase to the Ecumenical Temple.
  3253 | D:5      | Reached skill level 7 in Maces & Flails
  3253 | D:5      | Reached XP level 8. HP: 43/48 MP: 8/8
  3353 | D:5      | Noticed Edwards80's ghost (experienced GrFi)
  3368 | D:5      | Killed Edwards80's ghost
  3692 | D:6      | Found an opulent altar of Gozag.
  3824 | D:6      | Reached skill level 8 in Maces & Flails
  3874 | D:6      | Found a basalt altar of Yredelemnul.
  3874 | D:6      | Found a sacrificial altar of Ru.
  3951 | D:6      | Found an ancient bone altar of Kikubaaqudgha.
  4419 | D:7      | Noticed Menkaure
  4442 | D:7      | Killed Menkaure
  4442 | D:7      | Reached XP level 9. HP: 31/52 MP: 9/9
  4480 | D:7      | Found a glowing silver altar of Zin.
  4620 | D:7      | Noticed Edmund
  4638 | D:7      | Killed Edmund
  4638 | D:7      | Reached skill level 9 in Armour
  4863 | D:7      | Identified a scroll of acquirement
  4864 | D:7      | Got a heavily runed jade amulet
  4867 | D:7      | Identified the amulet "Beohe" {rCorr Str+6 Int-4 Stlth+} (You acquired it on level 7 of the Dungeon)
  4872 | D:7      | Found an iron altar of Okawaru.
  4968 | D:7      | Found a shimmering altar of Xom.
  5012 | D:7      | Noticed Blork the orc
  5015 | D:7      | Killed Blork the orc
  5446 | D:8      | Received a gift from Trog
  5677 | D:8      | Reached skill level 10 in Armour
  5772 | D:8      | Reached skill level 10 in Maces & Flails
  5888 | D:8      | Reached XP level 10. HP: 58/58 MP: 3/10
  6067 | D:8      | Reached skill level 5 in Fighting
  7280 | D:9      | Found a shadowy altar of Dithmenos.
  7513 | D:10     | Entered Level 10 of the Dungeon
  7533 | D:10     | Noticed Sonja
  7544 | D:10     | Killed Sonja
  7560 | D:10     | Reached skill level 11 in Maces & Flails
  7592 | D:10     | Noticed Zeloya's ghost (powerful KoAs)
  7624 | D:10     | Killed Zeloya's ghost
  7662 | D:10     | Found a runed door.
  7909 | D:10     | Reached XP level 11. HP: 64/69 MP: 3/11
  7989 | D:10     | Noticed Gastronok
  8045 | D:10     | Noticed a hill giant
  8047 | D:10     | Killed Gastronok
  8047 | D:10     | Reached skill level 12 in Maces & Flails
  8050 | D:10     | Killed a hill giant
  8531 | D:11     | Noticed an unseen horror
  8561 | D:11     | Killed an unseen horror
  8662 | D:11     | Received a gift from Trog
  8696 | D:11     | Found a labyrinth entrance.
  8722 | D:11     | Reached skill level 10 in Fighting
  8735 | Lab      | Entered a labyrinth
  9402 | Lab      | Found an exit through the horrors of the Abyss.
  9510 | Lab      | Noticed a minotaur
  9525 | Lab      | Killed a minotaur
  9642 | D:11     | Found a staircase to the Lair.
  9974 | D:11     | Noticed a hill giant
  9999 | D:11     | Killed a hill giant
 10134 | Lair:1   | Entered Level 1 of the Lair of Beasts
 10170 | Lair:1   | Reached XP level 12. HP: 80/80 MP: 4/12
 10239 | Lair:1   | Noticed Nergalle
 10314 | Lair:1   | Noticed a spectral orc warlord
 10337 | Lair:1   | Killed Nergalle
 10775 | Lair:1   | Noticed Harold
 10807 | Lair:1   | Killed Harold
 10835 | Lair:1   | Noticed Erica
 10843 | Lair:1   | Killed Erica
 11758 | Lair:2   | Reached skill level 1 in Evocations
 12283 | Lair:3   | Got a slimy bronze amulet
 12291 | Lair:3   | Got a slimy ring mail
 12345 | Lair:3   | Received a gift from Trog
 12516 | Lair:3   | Found a hole to the Spider Nest.
 13275 | Lair:4   | Noticed a four-headed hydra
 13287 | Lair:4   | Killed a four-headed hydra
 13287 | Lair:4   | Reached skill level 13 in Armour
 13633 | Lair:4   | Reached XP level 13. HP: 84/86 MP: 7/21
 13750 | Lair:4   | Reached skill level 5 in Evocations
 14619 | Lair:5   | Reached skill level 14 in Armour
 15076 | Lair:6   | Received a gift from Trog
 15390 | Lair:6   | Found a snail-covered altar of Cheibriados.
 15432 | Lair:6   | Found a staircase to the Shoals.
 15796 | Lair:6   | Identified the amulet of Nobility {Gourm rF- Dex+4} (You found it on level 3 of the Lair of Beasts)
 16218 | Lair:7   | Received a gift from Trog
 16258 | Lair:7   | Reached skill level 15 in Armour
 16528 | Lair:7   | Gained mutation: Your wings are large and strong. [gargoyle growth]
 16528 | Lair:7   | Reached XP level 14. HP: 85/92 MP: 8/26
 16585 | Lair:7   | Noticed Maud
 16597 | Lair:7   | Killed Maud
 17706 | D:12     | Reached skill level 10 in Evocations
 17922 | D:12     | Found a blossoming altar of Fedhas.
 18294 | D:12     | Found a staircase to the Orcish Mines.
 18671 | Orc:1    | Entered Level 1 of the Orcish Mines
 18671 | Orc:1    | Found Eses' Jewellery Shoppe.
 18686 | Orc:1    | Received a gift from Trog
 18688 | Orc:1    | Cast into the Abyss (orc)
 18756 | Abyss:1  | Noticed a tentacled starspawn
 19400 | Abyss:1  | Noticed a bone dragon
 19417 | Abyss:1  | Noticed a shadow dragon
 19427 | Orc:1    | Escaped the Abyss
 19905 | Orc:2    | Noticed Maurice
 19905 | Orc:2    | Noticed Urug
 19925 | Orc:2    | Killed Urug
 19929 | Orc:2    | Killed Maurice
 20050 | Orc:2    | Noticed Snorg
 20067 | Orc:2    | Killed Snorg
 20403 | Orc:1    | Received a gift from Trog
 20438 | Orc:2    | Found a bloodstained altar of Trog.
 20806 | Orc:3    | Found Zisir's Book Shoppe.
 20833 | Orc:3    | Found Caqisu's Weapon Emporium.
 20938 | Orc:3    | Found an iron altar of Okawaru.
 20942 | Orc:3    | Found Ohouqeqa's Antique Weapon Boutique.
 20961 | Orc:3    | Found Vuolyafe's Gadget Shoppe.
 20962 | Orc:3    | Received a gift from Trog
 21190 | Orc:3    | Found Enumn's Book Shop.
 21388 | Orc:4    | Entered Level 4 of the Orcish Mines
 21494 | Orc:4    | Noticed a stone giant
 21536 | Orc:3    | Killed a stone giant
 21743 | Orc:4    | Received a gift from Trog
 22085 | Orc:4    | Noticed Nessos
 22094 | Orc:4    | Killed Nessos
 22199 | Orc:4    | Found a roughly hewn altar of Beogh.
 22202 | Orc:4    | Reached skill level 15 in Fighting
 22208 | Orc:4    | Received a gift from Trog
 22411 | Orc:4    | Found Bucwoonn's Food Shop.
 22426 | Orc:4    | Found Xah Oced's Assorted Antiques.
 22435 | Orc:4    | Reached XP level 15. HP: 89/103 MP: 28/28
 22459 | Orc:4    | Bought a potion of heal wounds for 165 gold pieces
 22591 | Orc:4    | Received a gift from Trog
 22657 | Orc:4    | Received a gift from Trog
 22887 | Orc:4    | Noticed an orc warlord
 22896 | Orc:4    | Killed an orc warlord
 22948 | Orc:4    | Found a roughly hewn altar of Beogh.
 22969 | Orc:4    | Found Icau's Book Boutique.
 23000 | Orc:4    | Received a gift from Trog
 23009 | Orc:4    | Reached skill level 16 in Fighting
 23048 | Orc:4    | Bought a manual of Maces & Flails for 1104 gold pieces
 23115 | Orc:4    | HP: 2/104 [sun demon[an orc high priest] (12)]
 23115 | Orc:4    | Demolished by a sun demon

Action                   |  1- 3 |  4- 6 |  7- 9 | 10-12 | 13-15 || total
-------------------------+-------+-------+-------+-------+-------++-------
Melee: Mace              |   150 |   213 |       |       |       ||   363
       Whip              |       |    20 |   326 |    48 |       ||   394
       Morningstar       |       |       |    12 |       |       ||    12
       Demon whip        |       |       |    75 |  1267 |  1149 ||  2491
       Great mace        |       |       |       |       |   785 ||   785
 Fire: Blowgun           |       |       |       |     4 |       ||     4
Invok: Berserk           |     1 |     2 |     1 |     5 |     3 ||    12
       Trog's Hand       |       |     2 |     1 |     3 |     8 ||    14
       Brothers in Arms  |       |       |       |     1 |     3 ||     4
Evoke: Wand              |       |       |     1 |     5 |       ||     6
  Use: Scroll            |       |       |    16 |     7 |     7 ||    30
 Stab: Fleeing           |       |       |       |       |     1 ||     1
  Eat: Chunk             |     1 |     7 |    14 |    23 |    27 ||    72
       Beef jerky        |       |       |       |     3 |       ||     3
       Pizza             |       |       |       |     2 |       ||     2
       Bread ration      |       |       |       |       |     3 ||     3
